Cogmind - Beta 14 @@@ ROGUE MODE // 2024.10.14 @ 20:44:07 Player: THN-L0C Result: Heading to fleet! Performance ------------- Evolutions (9) 4500 Regions Visited (25) 5000 Robots Destroyed (175) 875 Value Destroyed (4973) 4973 Prototype IDs (64) 1280 Alien Tech Used (9) 1800 Bonus (6300) 6300 TOTAL SCORE: 24728 Bonus ------- High Alert Combat Kills 586 Follower Combat Kills 3064 Registered with UFD 300 Met Data Miner 300 Met Zhirov 300 Met Warlord at Base 500 MAIN.C Attacked Warlord 500 Warlord Defense Kills 342 Used Core Reset Matrix 3000 Hacked Protovariant 500 Scanned by Researcher 500 Win 3000 Friendly Fire -6592 Cogmind --------- Core Integrity 994/1600 Matter 208/300 Energy 8/600 System Corruption 0% Temperature Cool (10) Movement Hovering (33) Location To Fleet Rendezvous Parts ------- > --- POWER (2) -------- Quantum Reactor Quantum Reactor > --- PROPULSION (8) --- Combat Antigrav System Combat Antigrav System Cooled Linear Gravjet Cooled Linear Gravjet Cooled Linear Gravjet Combat Linear Gravjet Combat Linear Gravjet Combat Linear Gravjet > --- UTILITY (12) ----- Large Storage Unit Spectral Analyzer Advanced Signal Interpreter Advanced Transmission Jammer Experimental Cloaking Device Graphene Brace Improved Remote Force Field Advanced Hacking Suite Improved System Shield Advanced System Shield Advanced Component Analysis Suite Spacefold Activator > --- WEAPON (3) ------- Sigix Broadsword > --- INVENTORY (15) --- Quantum Reactor Matter Drive Cooled Linear Gravjet Experimental Matter Compressor (103) Experimental Thermal Shield Improved Shock Absorption System Long-range Tractor Beam Microwarp Drive Tachyon Dispersion Ray Heavy Quantum Rifle Point Singularity Launcher Peak State ------------ > --- POWER ------------ Quantum Reactor Quantum Reactor > --- PROPULSION ------- Cooled Antigrav System Combat Antigrav System Antigrav Array Cooled Linear Gravjet Cooled Linear Gravjet Cooled Linear Gravjet Combat Linear Gravjet > --- UTILITY ---------- Large Storage Unit Spectral Analyzer Experimental Sensor Array Advanced Signal Interpreter Advanced Transmission Jammer Experimental Cloaking Device Graphene Brace Experimental Focal Shield Advanced Hacking Suite Improved System Shield Amulet of Y3-NDR Spacefold Activator > --- WEAPON ----------- Heavy Quantum Rifle Sigix Broadsword > --- INVENTORY -------- Quantum Reactor Matter Drive Cooled Linear Gravjet Power Amplifier Experimental Matter Compressor Experimental Thermal Shield Improved Shock Absorption System Improved Remote Force Field Advanced Component Analysis Suite Long-range Tractor Beam Subatomic Replicator Microwarp Drive Tachyon Dispersion Ray [Rating: 235] Favorites ----------- Power Light Antimatter Reactor Engine Makeshift Power Source Power Core Micro Fission Core Reactor Light Antimatter Reactor Propulsion Antigrav System Treads Spiked Treads Leg Carbon-fiber Leg Wheel Armored Wheel Hover Unit Antigrav System Flight Unit Electron Diverter Utility Large Storage Unit Device Experimental Sensor Array Storage Large Storage Unit Processor Advanced Signal Interpreter Hackware Advanced Hacking Suite Protection Hardened Light Armor Plating Artifact Spacefold Activator Weapon Falx Energy Gun Subdweller Laser Energy Cannon Powered Cannon Ballistic Gun Assault Rifle Ballistic Cannon Magnetic Acceleration Cannon Launcher Improved Proton Missile Launcher Special Weapon Multitool Impact Weapon Makeshift Hammer Slashing Weapon Falx Build | -11 -10 -10 -9 -9 -6 -6 -6 -6 -5 -5 -5 -5 -5 -4 -4 -4 -4 -4 -3 -3 -3 -3 -2 -2 -1 ------- Run | Yrd Mat Sub Rec Scr Fac Low Low Dat Pro Fac Upp Upp War Pro Fac Upp Upp Zhi Pro Res Qua Sec Res Tes Acc Slots Evolved 18 | . . . . . 8 . . . . 2 . . . . 2 . . . . 2 . . 2 . 2 Power 1 | . . . . . . . . . . . . . . . 1 . . . . . . . . . . Propulsion 6 | . . . . . 2 . . . . 1 . . . . 1 . . . . . . . 1 . 1 Utility 10 | . . . . . 5 . . . . 1 . . . . . . . . . 2 . . 1 . 1 Weapon 1 | . . . . . 1 . . . . . . . . . . . . . . . . . . . . Parts Attached 486 | 7 9 33 2 10 77 11 14 . 27 20 3 2 19 20 13 4 7 12 9 14 33 16 51 45 28 Power 45 | 1 1 4 . 2 5 1 1 . 3 . . . 2 1 2 . 2 4 1 . . 2 8 1 4 Engine 13 | 1 1 4 . 2 2 1 1 . 1 . . . . . . . . . . . . . . . . Core 7 | . . . . . 3 . . . 1 . . . . . 1 . . . . . . 1 1 . . Reactor 25 | . . . . . . . . . 1 . . . 2 1 1 . 2 4 1 . . 1 7 1 4 Propulsion 81 | 2 1 5 . 2 13 3 3 . 5 3 . . 5 6 1 1 3 3 1 1 4 . 8 4 7 Treads 20 | 2 1 4 . 2 8 . 3 . . . . . . . . . . . . . . . . . . Leg 2 | . . . . . . 2 . . . . . . . . . . . . . . . . . . . Wheel 8 | . . 1 . . 5 1 . . 1 . . . . . . . . . . . . . . . . Hover 50 | . . . . . . . . . 4 3 . . 4 6 1 1 3 3 1 1 4 . 8 4 7 Flight 1 | . . . . . . . . . . . . . 1 . . . . . . . . . . . . Utility 274 | 2 2 15 1 5 34 6 8 . 10 17 3 2 10 13 10 3 . 5 5 11 26 12 32 28 14 Device 190 | 1 . 6 1 2 19 3 6 . 7 10 2 2 9 12 5 3 . 4 5 7 21 10 23 21 11 Storage 15 | 1 1 1 . 2 . . . . 1 1 . . . . . . . . . 1 1 . 2 3 1 Processor 10 | . . . . . 2 1 . . . . . . 1 . 1 . . . . 1 2 . 2 . . Hackware 15 | . . . . . 4 . . . . 4 . . . . 1 . . . . 2 . . 3 . 1 Protection 37 | . 1 8 . 1 9 2 2 . 2 2 1 . . 1 3 . . 1 . . 2 . 1 1 . Artifact 7 | . . . . . . . . . . . . . . . . . . . . . . 2 1 3 1 Weapon 86 | 2 5 9 1 1 25 1 2 . 9 . . . 2 . . . 2 . 2 2 3 2 3 12 3 Energy Gun 12 | 2 . 2 . . . . . . . . . . . . . . . . . . . 1 . 6 1 Energy Cannon 17 | . . 3 . . 2 . . . 2 . . . . . . . . . . 1 2 1 2 4 . Ballistic Gun 23 | . 4 3 . 1 11 . 1 . 1 . . . 1 . . . . . . . . . . 1 . Ballistic Cannon 1 | . . . . . 1 . . . . . . . . . . . . . . . . . . . . Launcher 4 | . . . . . 2 . . . 1 . . . . . . . . . . . . . . 1 . Special Weapon 11 | . 1 . 1 . 3 . 1 . 2 . . . . . . . 1 . 1 . . . . . 1 Impact Weapon 7 | . . 1 . . 6 . . . . . . . . . . . . . . . . . . . . Slashing Weapon 11 | . . . . . . 1 . . 3 . . . 1 . . . 1 . 1 1 1 . 1 . 1 Piercing Weapon . | . . . . . . . . . . . . . . . . . . . . . . . . . . Special Melee Weapon . | . . . . . . . . . . . . . . . . . . . . . . . . . . Unidentified Prototypes 31 | . . 1 . . 2 1 1 . 3 . . . 5 . . . . 4 . 1 1 2 1 8 1 Corrupted Parts 1 | . . . . . . . . . . . . . . 1 . . . . . . . . . . . System Corruption 5 | . . . . . . . . . . . . . . 5 . . . . . . . . . . . Parts Lost 41 | . . 6 . . 26 1 . . . . . . . . . . . . . . . . 2 1 5 Power 7 | . . 1 . . 5 . . . . . . . . . . . . . . . . . 1 . . Propulsion 13 | . . 2 . . 9 . . . . . . . . . . . . . . . . . . . 2 Utility 8 | . . . . . 4 1 . . . . . . . . . . . . . . . . . 1 2 Weapon 13 | . . 3 . . 8 . . . . . . . . . . . . . . . . . 1 . 1 Highest Loss Streak 11 | . . 3 . . 11 1 . . . . . . . . . . . . . . . . 2 1 4 To Critical Strikes . | . . . . . . . . . . . . . . . . . . . . . . . . . . Average Slot Usage (%) 94 | . 98 97 100 99 90 82 93 100 92 93 94 94 93 94 92 95 95 92 95 94 93 89 89 89 91 Engine 7 | . 12 13 14 14 4 2 6 6 4 5 5 5 . . . . . . . . . . . . . Core 1 | . . . . . 1 . . . 3 5 5 5 5 5 5 5 5 5 5 4 4 4 1 . . Reactor 2 | . . . . . . . . . 1 . . . 4 5 8 10 10 10 10 9 9 9 7 8 8 Treads 14 | . 27 22 28 28 20 12 19 20 7 . . . . . . . . . . . . . . . . Wheel 1 | . . 3 . . 1 3 6 6 3 . . . . . . . . . . . . . . . . Hover 10 | . . . . . . . . . 11 27 27 27 27 27 29 30 30 30 30 27 25 22 24 26 28 Device 15 | . 2 10 13 10 9 9 17 20 16 11 21 21 22 25 20 24 25 22 24 18 20 24 22 17 25 Storage 8 | . 14 13 14 13 6 6 6 6 6 5 5 5 5 5 5 5 5 5 5 4 4 4 4 4 4 Processor 6 | . . . . . 10 10 13 13 12 11 11 11 10 11 10 10 10 10 10 12 9 9 8 8 8 Hackware 2 | . . . . . 11 2 . . . 12 5 5 5 1 4 . . . . 8 9 5 10 13 8 Protection 3 | . 11 3 . 3 4 6 6 6 7 2 . . . . . . . . . . . . . . . Energy Gun 2 | . . 11 . . . . . . . . . . . . . . . . . . . . . 3 3 Energy Cannon 3 | . . 5 6 . . . . . 3 5 5 5 5 5 5 5 5 5 5 4 5 9 5 . . Ballistic Gun 4 | . 27 7 . 2 10 6 1 6 2 . . . . . . . . . . . . . . . . Special Weapon 2 | . . . 7 11 . . . . . . . . . . . . . . . . . . . . . Impact Weapon 4 | . . 3 14 14 3 6 6 6 2 . . . . . . . . . . . . . . . . Slashing Weapon 2 | . . . . . . 5 6 6 5 5 5 5 4 5 5 5 5 5 5 4 2 . 2 3 3 Peak Build Rating 235 | 7 10 22 22 30 74 69 72 71 99 111 113 111 128 130 142 143 143 150 151 167 175 186 207 221 235 Average Rating 75 | 5 9 16 21 23 61 60 66 71 86 108 110 110 118 124 138 142 142 142 149 159 167 178 193 206 227 On Entrance 100 | . 7 10 21 22 30 40 64 71 71 94 109 107 108 124 130 127 143 143 142 151 160 175 180 207 188 Naked Turns . | . . . . . . . . . . . . . . . . . . . . . . . . . . Heaviest Build 99 | 14 34 41 40 39 61 66 66 54 71 68 64 60 59 68 87 77 68 81 77 69 76 73 88 91 99 Greatest Support 138 | 40 40 40 40 40 110 40 68 68 68 55 55 55 57 57 74 74 68 68 69 69 93 93 97 117 138 Greatest Overweight (x) 12 | . 1 4 . . 12 2 4 . 2 1 1 1 1 1 1 1 . 1 1 . 1 . . . . Average Overweight (x) . | . . . . . . 1 . . 1 . . . . . . . . . . . . . . . . Largest Inventory Capacity 25 | 8 15 15 15 15 15 15 15 15 15 15 15 15 15 15 15 15 15 15 15 15 20 15 15 25 15 Average Capacity 14 | 7 13 14 15 14 15 15 15 15 15 15 15 15 15 15 15 15 15 15 15 15 15 15 15 15 15 Most Carried 15 | 2 14 15 15 15 15 15 15 15 15 15 15 15 15 15 15 15 15 15 15 15 15 15 15 15 15 Average Carried 13 | . 12 14 14 12 13 10 13 15 14 14 15 15 14 14 14 14 15 14 14 14 14 14 14 14 13 Final Capacity 15 | 8 15 15 15 15 15 15 15 15 15 15 15 15 15 15 15 15 15 15 15 15 15 15 15 15 15 Final Carried 15 | 2 14 15 15 15 14 12 15 15 15 15 15 15 15 15 15 15 15 15 15 15 15 15 15 12 13 Class Distribution -------------------- 22% | Derelict-Mutant 19% | Mutant 17% | Scavenger-Ninja 9% | Scavenger-Scout 6% | Scavenger-Assassin 4% | Scavenger-Mutant 4% | Assassin 3% | Hacker-Mutant Dominant Class ---------------- Mutant | -10/Materials Mutant | -10/Subcaves Derelict-Mutant | -9/Recycling Derelict-Mutant | -9/Scraptown Hacker-Mutant | -6/Factory Assassin | -6/Lower Caves Scavenger-Assassin | -6/Lower Caves Scavenger-Assassin | -6/Data Miner Scavenger-Assassin | -5/Proximity Caves Scavenger-Mutant | -5/Factory Scavenger-Scout | -5/Upper Caves Scavenger-Scout | -5/Upper Caves Scavenger-Scout | -5/Warlord Scavenger-Ninja | -4/Proximity Caves Scavenger-Ninja | -4/Factory Scavenger-Ninja | -4/Upper Caves Scavenger-Ninja | -4/Upper Caves Scavenger-Ninja | -4/Zhirov Scavenger-Ninja | -3/Proximity Caves Scavenger-Ninja | -3/Research Scavenger-Ninja | -3/Quarantine Scavenger-Scout | -3/Section 7 Hacker-Ninja | -2/Research Hacker-Ninja | -2/Testing Alien-Ninja | -1/Access Resources | -11 -10 -10 -9 -9 -6 -6 -6 -6 -5 -5 -5 -5 -5 -4 -4 -4 -4 -4 -3 -3 -3 -3 -2 -2 -1 ----------- Run | Yrd Mat Sub Rec Scr Fac Low Low Dat Pro Fac Upp Upp War Pro Fac Upp Upp Zhi Pro Res Qua Sec Res Tes Acc Matter Collected 7326 | 270 591 691 221 98 1747 198 164 . 270 180 40 20 200 180 150 40 70 80 140 110 225 121 681 320 519 Remotely 15 | . . . . . . . . . . . . . . . . . . . . . . . . . 15 Salvage Created 10132 | 139 709 402 . 117 2602 529 251 . 689 273 267 337 226 375 293 . 210 363 134 184 357 152 723 376 424 Parts 487 | 11 37 28 . 6 149 12 9 . 39 6 5 6 2 12 17 . 15 6 4 19 11 8 37 15 33 Haulers Intercepted 4 | . 1 . . . . . . . . 1 . . . . . . . . . . . . 2 . . Recyclers Shooed 6 | . 3 . . . 1 . . . . 1 . . . . . . . . . . 1 . . . . Parts Field Recycled . | . . . . . . . . . . . . . . . . . . . . . . . . . . Retrieved Matter . | . . . . . . . . . . . . . . . . . . . . . . . . . . Parts Self-Destructed 82 | . . 17 . . . 7 10 . 3 . 4 7 . 9 . 2 13 3 7 . . . . . . Prevented 66 | . . . . . . . 9 . 2 . 5 2 . 13 . 6 19 . 10 . . . . . . Kills | -11 -10 -10 -9 -9 -6 -6 -6 -6 -5 -5 -5 -5 -5 -4 -4 -4 -4 -4 -3 -3 -3 -3 -2 -2 -1 ------- Run | Yrd Mat Sub Rec Scr Fac Low Low Dat Pro Fac Upp Upp War Pro Fac Upp Upp Zhi Pro Res Qua Sec Res Tes Acc Combat Hostiles Destroyed 80 | . 10 9 . . 37 3 . . . . . . 3 3 2 . 1 . 2 1 1 1 1 . 6 Melee 11 | . . . . . 5 3 . . . . . . . . . . . . . . . . . . 3 Guns 33 | . 10 7 . . 16 . . . . . . . . . . . . . . . . . . . . Cannons 12 | . . 1 . . 5 . . . . . . . 1 . . . 1 . . 1 1 1 1 . . AOE 10 | . . . . . 7 . . . . . . . . . . . . . . . . . . . 3 Classes Destroyed 21 | 2 5 2 . . 5 1 1 . . . . . 1 1 . . 1 . . 1 . . . . 1 Worker 21 | . 1 . . . 10 . . . . 1 . . . . 2 . . . . . . 2 1 2 2 Builder 19 | . . . . . 10 . . . . . . . . . 1 . . . . 1 . . 1 2 4 Tunneler 5 | 3 2 . . . . . . . . . . . . . . . . . . . . . . . . Hauler 4 | . 1 . . . . . . . . 1 . . . . . . . . . . . . 2 . . Recycler 14 | 1 4 . . . 3 . . . . 1 . . . . . . . . . . 2 . 1 2 . Operator 1 | . . . . . . . . . . . . . . . . . . . . 1 . . . . . Drone 4 | . . . . . . . . . . . . . . . . . . . . . . . . . 4 Watcher 14 | . 1 . . . 3 . . . . 1 . . . . 1 . . . . 2 . 1 3 . 2 Swarmer 13 | . 6 . . . 7 . . . . . . . . . . . . . . . . . . . . Grunt 28 | . 4 . . . 16 3 . . 1 . . . 1 1 . . 1 . . . . 1 . . . Brawler 3 | . . . . . 1 . . . . . . . 1 1 . . . . . . . . . . . Duelist 1 | . . . . . . . . . . . . . . 1 . . . . . . . . . . . Protector 1 | . . . . . . . . . . . . . 1 . . . . . . . . . . . . Sentry 6 | . . . . . 5 . . . 1 . . . . . . . . . . . . . . . . Hunter 7 | . . . . . 5 . . . . . . . . . . . . . 2 . . . . . . Programmer 10 | . . . . . 3 . . . . . . . . . 2 . . . . 1 1 . 1 . 2 Enhanced Grunt 1 | . . . . . . . . . 1 . . . . . . . . . . . . . . . . Artisan 1 | . . 1 . . . . . . . . . . . . . . . . . . . . . . . Subdweller 12 | . . 9 . 3 . . . . . . . . . . . . . . . . . . . . . Ranger 1 | . . . . . . . 1 . . . . . . . . . . . . . . . . . . Scrapoid 1 | . . . . . . . . . . . . . . . . . 1 . . . . . . . . Decomposer 2 | . . . . . . . . . . . 1 . . 1 . . . . . . . . . . . Packrat 2 | . . . . . . . . . . . 2 . . . . . . . . . . . . . . Samaritan 8 | . . . . . . 1 4 . . . 3 . . . . . . . . . . . . . . Wizard 13 | . . . . . . . . . 6 . . . . 2 1 . 1 . . . . . 3 . . Best Kill Streak 21 | 2 3 2 . . 21 3 . . . 2 . . 2 3 3 . 1 . 2 1 2 2 2 2 3 Combat Bots Only 5 | . 3 2 . . 5 3 . . . . . . 2 3 2 . 1 . 2 1 1 1 1 . 3 Max Kills in Single Turn 7 | 1 1 1 . 1 7 1 1 . 1 1 1 . 1 1 1 . 1 . 1 1 1 1 1 1 3 Gunslinging . | . . . . . . . . . . . . . . . . . . . . . . . . . . Exploded 3 | . . . . . 3 . . . . . . . . . . . . . . . . . . . 3 Melee 1 | . . . . . 1 1 . . . . . . . . . . . . . . . . . . 1 Uniques/NPCs Destroyed . | . . . . . . . . . . . . . . . . . . . . . . . . . . Combat | -11 -10 -10 -9 -9 -6 -6 -6 -6 -5 -5 -5 -5 -5 -4 -4 -4 -4 -4 -3 -3 -3 -3 -2 -2 -1 -------- Run | Yrd Mat Sub Rec Scr Fac Low Low Dat Pro Fac Upp Upp War Pro Fac Upp Upp Zhi Pro Res Qua Sec Res Tes Acc Hostile Shots Fired 927 | . 51 47 . . 475 31 . . . . . 3 11 12 7 . . . 3 5 14 13 27 85 143 Missed 313 | . 15 9 . . 146 11 . . . . . 2 3 6 4 . . . 1 3 5 7 13 26 62 Damage Taken 11568 | . 348 920 . . 4632 391 . . 12 . . 28 179 60 50 . 16 . 21 22 223 263 537 1601 2265 Core 2763 | . 43 199 . . 794 . . . . . . 13 68 11 . . 16 . . . 105 143 44 721 606 Absorbed by Shields 606 | . . . . . . . . . . . . . 55 56 9 . . . . . . . . 354 132 Ignored by Resistances 334 | . . . . . 4 . . . . . . . . . . . . . 10 . 33 37 37 72 141 Regen/Repaired (Parts) 1647 | . . . . 221 172 . . . . 20 . . 36 . . . . . . . . . 156 303 739 Core Remaining (%) 61 | 100 . . . 3 . . . . 6 . . . . 90 . . . . 98 . . 75 . 60 62 Volleys Fired 574 | 7 67 91 . . 106 . 3 . 2 1 1 5 23 7 14 . 22 1 10 27 41 75 17 31 23 Largest 3 | 2 2 2 . . 3 . 1 . 1 1 1 1 1 1 1 . 1 1 1 1 1 1 1 1 1 Hottest 140 | 90 100 140 . . 99 . 30 . . 40 40 40 40 40 40 . 40 40 40 120 40 120 110 110 80 Shots Fired 761 | 14 133 126 . . 184 . 3 . 2 1 1 5 23 7 14 . 22 1 10 27 42 75 17 31 23 Gun 419 | 14 132 104 . . 127 . 1 . . . . . . . . . . . . . . . . 19 22 Cannon 313 | . . 19 . . 41 . . . . 1 1 5 23 7 14 . 20 1 8 27 42 75 17 12 . Launcher 16 | . . . . . 16 . . . . . . . . . . . . . . . . . . . . Special 13 | . 1 3 . . . . 2 . 2 . . . . . . . 2 . 2 . . . . . 1 Kinetic 325 | . 132 58 . . 134 . 1 . . . . . . . . . . . . . . . . . . Thermal 402 | 14 1 68 . . 34 . . . . 1 1 5 23 7 14 . 20 1 8 27 42 73 12 31 20 Explosive 11 | . . . . . 11 . . . . . . . . . . . . . . . . . . . . Electromagnetic 14 | . . . . . 5 . . . . . . . . . . . . . . . . 2 5 . 2 Robot Hit Streak 28 | 6 7 28 . . 18 . 14 . 16 . . . 18 4 4 . 2 . 4 5 10 8 4 . 1 Robot Miss Streak 7 | 1 7 1 . . 3 . . . . . . . 2 1 2 . 1 . 3 . 2 3 2 1 3 Penetration Max 2 | . . . . . 2 . . . . . . . . . . . . . . . . . . . . Secondary Targets 1 | . . . . . 1 . . . . . . . . . . . . . . . . . . . . Max Gunslinging Chain 1 | . . . . . 1 . . . . . . . . . . . . . . . . . . . . Shots Hit Robots 518 | 10 82 61 . 3 160 16 12 . 22 8 6 9 17 11 12 1 6 7 5 13 15 6 18 5 13 Core Hits 238 | 5 29 17 . . 103 8 2 . 10 4 4 4 6 4 4 . 3 4 1 4 2 2 9 5 8 Critical Kills 28 | . . 2 . . 17 . . . . . . . 2 3 2 . . . 1 . . 1 . . . Critical Parts Destroyed 24 | . . . . . 24 . . . . . . . . . . . . . . . . . . . . Critical Strikes 57 | . . 3 . . 43 1 . . . . . . 2 3 2 . . . 1 1 . 1 . . . Meltdown 10 | . . 1 . . . . . . . . . . 2 3 2 . . . 1 . . 1 . . . Destroy 39 | . . 2 . . 37 . . . . . . . . . . . . . . . . . . . . Blast 1 | . . . . . 1 . . . . . . . . . . . . . . . . . . . . Smash 5 | . . . . . 5 . . . . . . . . . . . . . . . . . . . . Sever 2 | . . . . . . 1 . . . . . . . . . . . . . 1 . . . . . Melee Attacks 382 | . . 3 . 3 82 19 12 . 22 12 9 15 6 8 18 3 5 7 8 42 17 . 35 10 46 Impact 96 | . . 3 . 3 82 3 5 . . . . . . . . . . . . . . . . . . Slashing 286 | . . . . . . 16 7 . 22 12 9 15 6 8 18 3 5 7 8 42 17 . 35 10 46 Piercing . | . . . . . . . . . . . . . . . . . . . . . . . . . . Sneak Attacks 82 | . . . . 3 4 2 9 . 18 2 6 . . 6 6 . 2 . . 2 2 . 8 5 7 Combat Hostiles . | . . . . . . . . . . . . . . . . . . . . . . . . . . Follow-up Attacks 4 | . . . . . . 2 2 . . . . . . . . . . . . . . . . . . Damage Inflicted 23933 | 123 1084 912 27 290 5665 876 879 . 1730 481 553 752 832 855 823 40 411 612 167 726 888 392 1992 941 1882 Guns 2972 | 116 1043 832 . . 959 . 22 . . . . . . . . . . . . . . . . . . Cannons 4051 | . . 80 . . 863 . . . . . . . 832 298 220 . 233 . 167 75 619 392 231 41 . Explosions 2734 | . . . . . 2428 . . . . . . . . . . . . . . . . . . . 306 Melee 14082 | . . . . 290 1396 876 857 . 1730 481 553 752 . 557 603 40 178 612 . 651 269 . 1761 900 1576 Ramming 94 | 7 41 . 27 . 19 . . . . . . . . . . . . . . . . . . . . Kinetic 2821 | . 1043 667 . . 1089 . 22 . . . . . . . . . . . . . . . . . . Thermal 4117 | 116 . 245 . . 776 . . . . . . . 832 298 220 . 233 . 167 75 619 392 103 41 . Explosive 2007 | . . . . . 2007 . . . . . . . . . . . . . . . . . . . . Electromagnetic 812 | . . . . . 378 . . . . . . . . . . . . . . . . . 128 . 306 Impact 1992 | . . . . 290 1396 74 232 . . . . . . . . . . . . . . . . . . Slashing 12090 | . . . . . . 802 625 . 1730 481 553 752 . 557 603 40 178 612 . 651 269 . 1761 900 1576 Piercing . | . . . . . . . . . . . . . . . . . . . . . . . . . . Highest Corruption 5 | . . . . . 4 . . . . . . . . 5 . . . . . . 1 1 . . . Average Corruption 1 | . . . . . 2 . . . . . . . . 5 . . . . . . 1 1 . . . Corruption Purged 4 | . . . . . 4 . . . . . . . . . . . . . . . . . . . . Corruption Blocked . | . . . . . . . . . . . . . . . . . . . . . . . . . . Effects 34 | . . . . . 27 . . . . . . . . . . . . . . . 3 4 . . . Message Errors 8 | . . . . . 5 . . . . . . . . . . . . . . . 1 2 . . . Matter Fused 8 | . . . . . 6 . . . . . . . . . . . . . . . 1 1 . . . Heat Flow Errors 4 | . . . . . 3 . . . . . . . . . . . . . . . . 1 . . . Energy Discharges 6 | . . . . . 6 . . . . . . . . . . . . . . . . . . . . Parts Fused 1 | . . . . . 1 . . . . . . . . . . . . . . . . . . . . Data Loss (minor) 3 | . . . . . 3 . . . . . . . . . . . . . . . . . . . . Data Loss (major) 2 | . . . . . 2 . . . . . . . . . . . . . . . . . . . . Misfires 1 | . . . . . . . . . . . . . . . . . . . . . 1 . . . . Alerts 1 | . . . . . 1 . . . . . . . . . . . . . . . . . . . . Overload Shots 4 | . . . . . . . . . . . . . . . . . . . . 2 . 2 . . . Overflow Damage 4212 | . . . . 134 538 119 384 . 433 79 125 199 40 160 140 . 5 124 . 140 154 37 554 124 723 Projectiles 174 | . . . . . 14 . . . . . . . 40 . 12 . 5 . . . 49 37 17 . . Explosions 97 | . . . . . 75 . . . . . . . . . . . . . . . . . . . 22 Melee 3941 | . . . . 134 449 119 384 . 433 79 125 199 . 160 128 . . 124 . 140 105 . 537 124 701 Knockbacks 11 | . . . . 3 8 . . . . . . . . . . . . . . . . . . . . Impact 9 | . . . . 3 6 . . . . . . . . . . . . . . . . . . . . Kinetic 2 | . . . . . 2 . . . . . . . . . . . . . . . . . . . . Secondary . | . . . . . . . . . . . . . . . . . . . . . . . . . . Self-Inflicted Damage 163 | . . . . . 134 . . . . . . . . . . . . . . . . . . . 29 Shots 8 | . . . . . 7 . . . . . . . . . . . . . . . . . . . 1 Rammed 12 | 1 6 . 4 . 1 . . . . . . . . . . . . . . . . . . . . Targets Rammed 14 | 1 7 . 4 . 2 . . . . . . . . . . . . . . . . . . . . Kicked . | . . . . . . . . . . . . . . . . . . . . . . . . . . Crushed 2 | . 1 . . . 1 . . . . . . . . . . . . . . . . . . . . Highest Temperature 268 | 120 40 216 . . 260 . . . 2 255 6 12 12 64 268 . 22 15 14 116 . 233 80 104 12 Average Temperature 57 | 55 11 53 . . 71 . . . 1 84 6 7 7 24 85 . 4 5 9 17 . 24 21 37 8 Received Heat Transfer 1599 | . 72 213 . . 1005 150 . . . . . . 23 18 . . . . . . 18 . 21 70 9 Effects 2 | . . . . . 1 . . . . . . . . . 1 . . . . . . . . . . Energy Bleed 2 | . . . . . 1 . . . . . . . . . 1 . . . . . . . . . . Siege Activations . | . . . . . . . . . . . . . . . . . . . . . . . . . . Robots Corrupted 10 | . . . . 3 5 1 1 . . . . . . . . . . . . . . . . . . Combat Hostiles 3 | . . . . . 3 . . . . . . . . . . . . . . . . . . . . Parts Fried 11 | . . . . 3 6 . . . . . . . . . . . . . . . . . 2 . . Impact Corruptions 22 | . . . . 3 14 1 4 . . . . . . . . . . . . . . . . . . Robots Melted 11 | . . 1 . . 1 . . . . . . . 2 3 2 . . . 1 . . 1 . . . Combat Hostiles 10 | . . 1 . . 1 . . . . . . . 2 3 2 . . . 1 . . . . . . Parts Melted 18 | . . 2 . . 1 . . . . . . . 4 3 3 . . . 3 . . 2 . . . Heat Transferred 1620 | 310 . 311 . . 999 . . . . . . . . . . . . . . . . . . . . Parts Sabotaged . | . . . . . . . . . . . . . . . . . . . . . . . . . . Parts Stolen . | . . . . . . . . . . . . . . . . . . . . . . . . . . Parts Stripped . | . . . . . . . . . . . . . . . . . . . . . . . . . . Power Chain Reactions 2 | . . . . . 2 . . . . . . . . . . . . . . . . . . . . Alert | -11 -10 -10 -9 -9 -6 -6 -6 -6 -5 -5 -5 -5 -5 -4 -4 -4 -4 -4 -3 -3 -3 -3 -2 -2 -1 ------- Run | Yrd Mat Sub Rec Scr Fac Low Low Dat Pro Fac Upp Upp War Pro Fac Upp Upp Zhi Pro Res Qua Sec Res Tes Acc Peak Influence 1356 | 20 306 . 46 . 1356 . . . . 71 . . . . 359 . . . . 414 439 180 258 283 542 Initial 300 | . 13 . 40 . . . . . . . . . . . . . . . . 300 232 33 72 144 67 Average 165 | 6 107 . 12 . 323 . . . . 33 . . . . 59 . . . . 323 221 83 100 198 213 Maximum Alert Level 4 | . 1 . . . 4 . . . . . . . . . 1 . . . . 2 2 . 1 1 2 Low Security (%) 74 | 100 85 . 100 . 64 . . . . 100 . . . . 90 . . . . . 46 100 93 42 53 Level 1 16 | . 14 . . . 4 . . . . . . . . . 9 . . . . 98 44 . 6 57 32 Level 2 3 | . . . . . 9 . . . . . . . . . . . . . . 1 8 . . . 13 Level 3 4 | . . . . . 15 . . . . . . . . . . . . . . . . . . . . Level 4 1 | . . . . . 6 . . . . . . . . . . . . . . . . . . . . Level 5 . | . . . . . . . . . . . . . . . . . . . . . . . . . . High Security . | . . . . . . . . . . . . . . . . . . . . . . . . . . Max Security . | . . . . . . . . . . . . . . . . . . . . . . . . . . Squads Dispatched 39 | . 2 . . . 16 . . . . . . . . 1 4 . . . . 1 2 . 3 4 6 Investigation 9 | . 2 . . . 4 . . . . . . . . . 1 . . . . . . . . . 2 Extermination 14 | . . . . . 4 . . . . . . . . . 2 . . . . 1 1 . 1 2 3 Reinforcement 10 | . . . . . 5 . . . . . . . . . 1 . . . . . 1 . 1 1 1 Assault 5 | . . . . . 2 . . . . . . . . 1 . . . . . . . . 1 1 . Garrison 1 | . . . . . 1 . . . . . . . . . . . . . . . . . . . . Intercept . | . . . . . . . . . . . . . . . . . . . . . . . . . . Searches Triggered 1 | . . . . . . . . . . . . . . . . . . . . . . . . . 1 Data Miner Redirects 1 | . . . . . . . . . . . . . . . . . . . . . . . 1 . . Construction Impeded 4 | . . . . . 3 . . . . . . . . . . . . . . . . . 1 . . Haulers Reinforced . | . . . . . . . . . . . . . . . . . . . . . . . . . . Active Scanning Responses . | . . . . . . . . . . . . . . . . . . . . . . . . . . Cargo Convoy Interrupts . | . . . . . . . . . . . . . . . . . . . . . . . . . . Stealth | -11 -10 -10 -9 -9 -6 -6 -6 -6 -5 -5 -5 -5 -5 -4 -4 -4 -4 -4 -3 -3 -3 -3 -2 -2 -1 --------- Run | Yrd Mat Sub Rec Scr Fac Low Low Dat Pro Fac Upp Upp War Pro Fac Upp Upp Zhi Pro Res Qua Sec Res Tes Acc Distress Signals 17 | . 2 . 1 . 8 . . . . . . . 1 . . . . . . . . 2 2 1 . Communications Jammed 72 | . . . . . . . . . . . . . . . . . . . . 16 1 26 6 20 3 Distress Signals 72 | . . . . . . . . . . . . . . . . . . . . 16 1 26 6 20 3 Times Spotted 337 | . 24 16 1 . 74 3 6 . 2 2 . 5 49 16 7 3 4 . 5 13 8 10 18 41 30 Peak Tracking Total 16 | . 5 4 1 . 9 3 7 . 2 1 . 5 10 7 2 2 1 . 3 3 5 5 12 16 8 Tactical Retreats 31 | . 2 1 . . 14 . 1 . . . . . 1 . . . . . . 1 2 3 . . 6 Traps | -11 -10 -10 -9 -9 -6 -6 -6 -6 -5 -5 -5 -5 -5 -4 -4 -4 -4 -4 -3 -3 -3 -3 -2 -2 -1 ------- Run | Yrd Mat Sub Rec Scr Fac Low Low Dat Pro Fac Upp Upp War Pro Fac Upp Upp Zhi Pro Res Qua Sec Res Tes Acc Traps Triggered 16 | . 3 1 . . 6 . . . . . . . . . . . . . . . . . 1 . 5 Indirectly 2 | . . . . . 2 . . . . . . . . . . . . . . . . . . . . Trap Hack Attempts . | . . . . . . . . . . . . . . . . . . . . . . . . . . Triggered . | . . . . . . . . . . . . . . . . . . . . . . . . . . Disarmed . | . . . . . . . . . . . . . . . . . . . . . . . . . . Reprogrammed . | . . . . . . . . . . . . . . . . . . . . . . . . . . Reused . | . . . . . . . . . . . . . . . . . . . . . . . . . . Traps Extracted . | . . . . . . . . . . . . . . . . . . . . . . . . . . Installed . | . . . . . . . . . . . . . . . . . . . . . . . . . . Triggered 11 | . . . . . . . . . . . 2 2 6 . . . . . . . . . 1 . . Machines | -11 -10 -10 -9 -9 -6 -6 -6 -6 -5 -5 -5 -5 -5 -4 -4 -4 -4 -4 -3 -3 -3 -3 -2 -2 -1 ---------- Run | Yrd Mat Sub Rec Scr Fac Low Low Dat Pro Fac Upp Upp War Pro Fac Upp Upp Zhi Pro Res Qua Sec Res Tes Acc Machines Disabled 32 | . . 3 . . 8 . . . . . . . 1 . 2 . . . . 2 4 5 1 4 2 Max in Single Turn 3 | . . 1 . . 3 . . . . . . . 1 . . . . . . 1 1 1 1 1 1 Garrison Access 4 | . . . . . 1 . . . . . . . . . . . . . . 1 . 1 1 . . Machines Repaired . | . . . . . . . . . . . . . . . . . . . . . . . . . . Machines Dismantled . | . . . . . . . . . . . . . . . . . . . . . . . . . . Machines Sabotaged . | . . . . . . . . . . . . . . . . . . . . . . . . . . Overloaded Fab Kills . | . . . . . . . . . . . . . . . . . . . . . . . . . . Hacking | -11 -10 -10 -9 -9 -6 -6 -6 -6 -5 -5 -5 -5 -5 -4 -4 -4 -4 -4 -3 -3 -3 -3 -2 -2 -1 --------- Run | Yrd Mat Sub Rec Scr Fac Low Low Dat Pro Fac Upp Upp War Pro Fac Upp Upp Zhi Pro Res Qua Sec Res Tes Acc Machines Accessed 92 | . 6 2 7 1 12 . 1 4 . 1 . . 1 . 4 . . 4 . 8 11 7 6 7 10 Terminals 54 | . 6 . 6 . 6 . . . . . . . . . 1 . . . . 7 8 6 2 6 6 Fabricators 4 | . . . . . 1 . . . . . . . . . 1 . . . . . . . 1 . 1 Repair Stations 5 | . . . . . 1 . . . . 1 . . . . . . . . . . . . 1 1 1 Recycling Units 5 | . . . 1 . 1 . . . . . . . . . 2 . . . . . . . . . 1 Scanalyzers 5 | . . . . . 2 . . . . . . . . . . . . . . . 2 . 1 . . Garrison Access 6 | . . . . . 1 . . . . . . . . . . . . . . 1 1 1 1 . 1 Total Hacks 240 | . 21 5 14 5 27 . 1 32 . 5 . . 1 . 11 . . 17 . 14 18 13 17 21 18 Successful 159 | . 13 5 8 5 14 . 1 32 . 3 . . 1 . 9 . . 17 . 8 10 6 6 15 6 Failed 80 | . 7 . 6 . 13 . . . . 2 . . . . 2 . . . . 6 8 7 11 6 12 Catastrophic 19 | . . . 3 . 3 . . . . . . . . . 1 . . . . . 3 1 1 1 6 Database Lockouts 1 | . 1 . . . . . . . . . . . . . . . . . . . . . . . . Manual 78 | . 21 . 12 . 11 . . . . . . . 1 . 4 . . . . 5 3 8 3 3 7 Terminals 119 | . 21 . 12 . 10 . . . . . . . . . 2 . . . . 13 13 12 7 19 10 Fabricators 11 | . . . . . 3 . . . . . . . . . 2 . . . . . . . 3 . 3 Repair Stations 13 | . . . . . 2 . . . . 5 . . . . . . . . . . . . 2 2 2 Recycling Units 12 | . . . 2 . 2 . . . . . . . . . 7 . . . . . . . . . 1 Scanalyzers 12 | . . . . . 7 . . . . . . . . . . . . . . . 3 . 2 . . Garrison Access 12 | . . . . . 3 . . . . . . . . . . . . . . 1 2 1 3 . 2 Terminal Hacks 97 | . 1 5 1 5 1 . 1 32 . . . . 1 . 1 . . 17 . 6 8 3 1 12 2 Record 27 | . . 4 . 5 . . . 11 . . . . . . 1 . . 5 . . 1 . . . . Part Schematic 17 | . . . . . . . . 13 . . . . . . . . . 4 . . . . . . . Robot Schematic 5 | . . . . . . . . 5 . . . . . . . . . . . . . . . . . Robot Analysis 5 | . 1 . . . . . . . . . . . . . . . . 4 . . . . . . . Prototype ID Bank 7 | . . . . . . . . 3 . . . . . . . . . 4 . . . . . . . Open Door 2 | . . . . . . . 1 . . . . . 1 . . . . . . . . . . . . Level Access Points 2 | . . . . . . . . . . . . . . . . . . . . . . . . 1 1 Branch Access Points 3 | . . . . . 1 . . . . . . . . . . . . . . 1 . . 1 . . Emergency Access Points 1 | . . . . . . . . . . . . . . . . . . . . . . . . 1 . Machine Index 2 | . . . . . . . . . . . . . . . . . . . . . . . . 1 1 Terminal Index 1 | . . . . . . . . . . . . . . . . . . . . 1 . . . . . Alert Level 2 | . . . . . . . . . . . . . . . . . . . . . 1 . . 1 . Unreport Threat 6 | . . . . . . . . . . . . . . . . . . . . . 2 2 . 2 . Locate Traps 2 | . . . . . . . . . . . . . . . . . . . . 1 1 . . . . Recall Investigation 1 | . . . . . . . . . . . . . . . . . . . . . . . . 1 . Recall Extermination 1 | . . . . . . . . . . . . . . . . . . . . . . . . 1 . Hauler Manifests 1 | . . . . . . . . . . . . . . . . . . . . . . . . 1 . Zone Layout 10 | . . . 1 . . . . . . . . . . . . . . . . 3 3 1 . 2 . Derelict Proto ID Bank 1 | . . 1 . . . . . . . . . . . . . . . . . . . . . . . Protovariant Controls 1 | . . . . . . . . . . . . . . . . . . . . . . . . 1 . Fabricator Hacks 3 | . . . . . 1 . . . . . . . . . 1 . . . . . . . . . 1 Network Status 2 | . . . . . 1 . . . . . . . . . 1 . . . . . . . . . . Load Schematic 1 | . . . . . . . . . . . . . . . . . . . . . . . . . 1 Repair Station Hacks 10 | . . . . . 2 . . . . 3 . . . . . . . . . . . . 2 2 1 Scan Component 6 | . . . . . 1 . . . . 2 . . . . . . . . . . . . 1 1 1 Repair 4 | . . . . . 1 . . . . 1 . . . . . . . . . . . . 1 1 . Recycling Unit Hacks 6 | . . . 1 . 1 . . . . . . . . . 4 . . . . . . . . . . Report Inventory 4 | . . . . . 1 . . . . . . . . . 3 . . . . . . . . . . Retrieve Components 2 | . . . 1 . . . . . . . . . . . 1 . . . . . . . . . . Scanalyzer 10 | . . . . . 6 . . . . . . . . . . . . . . . 2 . 2 . . Insert Component 5 | . . . . . 3 . . . . . . . . . . . . . . . 1 . 1 . . Analyze 5 | . . . . . 3 . . . . . . . . . . . . . . . 1 . 1 . . Garrison Access Hacks 2 | . . . . . . . . . . . . . . . . . . . . 1 . 1 . . . Seal Access 2 | . . . . . . . . . . . . . . . . . . . . 1 . 1 . . . Unauthorized Hacks 31 | . 12 . 6 . 3 . . . . . . . . . 3 . . . . 1 . 2 1 1 2 Terminals 25 | . 12 . 6 . 1 . . . . . . . . . . . . . . 1 . 2 1 1 1 Assimilate 2 | . 1 . . . 1 . . . . . . . . . . . . . . . . . . . . Botnet 11 | . 4 . 1 . . . . . . . . . . . . . . . . 1 . 2 1 1 1 Operators 1 | . 1 . . . . . . . . . . . . . . . . . . . . . . . . Skim 11 | . 6 . 5 . . . . . . . . . . . . . . . . . . . . . . Fabricators 1 | . . . . . 1 . . . . . . . . . . . . . . . . . . . . Haulers 1 | . . . . . 1 . . . . . . . . . . . . . . . . . . . . Repair Stations 2 | . . . . . . . . . . . . . . . 1 . . . . . . . . . 1 Recycling Units 3 | . . . . . 1 . . . . . . . . . 2 . . . . . . . . . . Monitor 1 | . . . . . . . . . . . . . . . 1 . . . . . . . . . . Mask 2 | . . . . . 1 . . . . . . . . . 1 . . . . . . . . . . Scrapoids 2 | . . . . . . . . . . . . . . . 1 . . . . . . . . . 1 Scanalyzers . | . . . . . . . . . . . . . . . . . . . . . . . . . . Garrison Access . | . . . . . . . . . . . . . . . . . . . . . . . . . . Data Cores Recovered 1 | . . . . . . . . . . . . . . . . . . . . 1 . . . . . Used . | . . . . . . . . . . . . . . . . . . . . . . . . . . Hacking Detections 58 | . 6 . 1 . 6 . . . . 1 . . . . 2 . . . . 7 10 6 5 6 8 Full Trace Events 4 | . 1 . . . 2 . . . . . . . . . . . . . . . . . . . 1 Feedback Events . | . . . . . . . . . . . . . . . . . . . . . . . . . . Feedback Blocked . | . . . . . . . . . . . . . . . . . . . . . . . . . . Robot Schematics Acquired 5 | . . . . . . . . 5 . . . . . . . . . . . . . . . . . Robots Built . | . . . . . . . . . . . . . . . . . . . . . . . . . . Authchips . | . . . . . . . . . . . . . . . . . . . . . . . . . . Time . | . . . . . . . . . . . . . . . . . . . . . . . . . . Total Robot Build Rating . | . . . . . . . . . . . . . . . . . . . . . . . . . . Part Schematics Acquired 22 | . . . . . 3 . . 13 . . . . . . . . . 4 . . 1 . 1 . . Parts Built . | . . . . . . . . . . . . . . . . . . . . . . . . . . Authchips . | . . . . . . . . . . . . . . . . . . . . . . . . . . Time . | . . . . . . . . . . . . . . . . . . . . . . . . . . Total Part Build Rating . | . . . . . . . . . . . . . . . . . . . . . . . . . . Parts Repaired 4 | . . . . . 1 . . . . 1 . . . . . . . . . . . . 1 1 . Time 160 | . . . . . 16 . . . . 54 . . . . . . . . . . . . 36 54 . Parts Recycled . | . . . . . . . . . . . . . . . . . . . . . . . . . . Recycled Matter . | . . . . . . . . . . . . . . . . . . . . . . . . . . Retrieved Matter . | . . . . . . . . . . . . . . . . . . . . . . . . . . Retrieved Components 19 | . . . 9 . . . . . . . . . . . 10 . . . . . . . . . . Parts Scanalyzed 5 | . . . . . 3 . . . . . . . . . . . . . . . 1 . 1 . . Part Schematics Acquired 5 | . . . . . 3 . . . . . . . . . . . . . . . 1 . 1 . . Parts Damaged 1 | . . . . . . . . . . . . . . . . . . . . . . . 1 . . Bothacking | -11 -10 -10 -9 -9 -6 -6 -6 -6 -5 -5 -5 -5 -5 -4 -4 -4 -4 -4 -3 -3 -3 -3 -2 -2 -1 ------------ Run | Yrd Mat Sub Rec Scr Fac Low Low Dat Pro Fac Upp Upp War Pro Fac Upp Upp Zhi Pro Res Qua Sec Res Tes Acc Used RIF Installer . | . . . . . . . . . . . . . . . . . . . . . . . . . . Robots Hacked 1 | . . . . . . . . . . . . . . . . . . . . . . . . . 1 Non-combat . | . . . . . . . . . . . . . . . . . . . . . . . . . . Combat 1 | . . . . . . . . . . . . . . . . . . . . . . . . . 1 Robot Hacks Applied 1 | . . . . . . . . . . . . . . . . . . . . . . . . . 1 parse_system 1 | . . . . . . . . . . . . . . . . . . . . . . . . . 1 Relay Couplers Released 1 | . . . . . . . . . . . . . . . . . . . . . . . 1 . . Machine Destruction 1 | . . . . . . . . . . . . . . . . . . . . . . . 1 . . Fabnet Peak Effective % . | . . . . . . . . . . . . . . . . . . . . . . . . . . Robots Rewired 9 | . . . . . . . 2 . . . . . 5 2 . . . . . . . . . . . Allies Hacked 3 | . . . . . . . . . . . . . . . 1 . . . . . . . . . 2 Hacks Repelled . | . . . . . . . . . . . . . . . . . . . . . . . . . . Allies | -11 -10 -10 -9 -9 -6 -6 -6 -6 -5 -5 -5 -5 -5 -4 -4 -4 -4 -4 -3 -3 -3 -3 -2 -2 -1 -------- Run | Yrd Mat Sub Rec Scr Fac Low Low Dat Pro Fac Upp Upp War Pro Fac Upp Upp Zhi Pro Res Qua Sec Res Tes Acc Total Allies 75 | . . 5 . . 1 . 8 . 5 . 4 . 5 9 8 5 8 . 6 . . . 6 . 5 Largest Group 10 | . . 4 4 3 1 . 6 6 7 1 5 5 10 8 6 8 8 1 5 . . . 3 . 5 Highest-Rated Group 661 | . . 76 76 57 10 . 384 384 480 90 414 414 661 573 415 508 508 47 371 . . . 243 . 320 Highest-Rated Ally 96 | . . 19 19 19 10 . 81 81 96 90 90 90 90 90 90 81 81 47 81 . . . 81 . 64 Total Orders 33 | . . . . . . . . . . 2 . 2 15 2 7 . . . 5 . . . . . . STAY 15 | . . . . . . . . . . 1 . 1 8 1 4 . . . . . . . . . . ROAM 3 | . . . . . . . . . . . . . . . . . . . 3 . . . . . . FOLLOW 15 | . . . . . . . . . . 1 . 1 7 1 3 . . . 2 . . . . . . Ally Attacks 349 | . . 7 14 . . . 22 . 18 . . 9 55 35 26 15 52 . 46 . . . 4 . 46 Total Damage 11951 | . . 59 267 . . . 906 . 598 . . 587 1930 2119 750 401 1975 . 1210 . . . 128 . 1021 Kills 86 | . . 2 3 . . . 8 . 5 . . 5 14 13 9 3 11 . 8 . . . 1 . 4 Allies Corrupted 3 | . . . . 3 . . . . . . . . . . . . . . . . . . . . . Allies Melted 2 | . . . . . . . . . 1 . . . . . 1 . . . . . . . . . . Intel | -11 -10 -10 -9 -9 -6 -6 -6 -6 -5 -5 -5 -5 -5 -4 -4 -4 -4 -4 -3 -3 -3 -3 -2 -2 -1 ------- Run | Yrd Mat Sub Rec Scr Fac Low Low Dat Pro Fac Upp Upp War Pro Fac Upp Upp Zhi Pro Res Qua Sec Res Tes Acc Robot Analysis Total 5 | . 1 . . . . . . . . . . . . . . . . 4 . . . . . . . Derelict Logs Recovered 11 | . . 2 . 3 . . 2 . . . 2 . . 1 . 1 . . . . . . . . . Drone Launches . | . . . . . . . . . . . . . . . . . . . . . . . . . . Drone Recoveries . | . . . . . . . . . . . . . . . . . . . . . . . . . . Exploration | -11 -10 -10 -9 -9 -6 -6 -6 -6 -5 -5 -5 -5 -5 -4 -4 -4 -4 -4 -3 -3 -3 -3 -2 -2 -1 ------------- Run | Yrd Mat Sub Rec Scr Fac Low Low Dat Pro Fac Upp Upp War Pro Fac Upp Upp Zhi Pro Res Qua Sec Res Tes Acc Turns Passed 36284 | 103 2062 5869 2439 4547 3351 1278 1410 181 1968 386 1013 767 737 3211 770 351 857 174 833 717 599 532 738 529 862 Spaces Moved 25818 | 46 564 3085 830 2811 1795 482 790 100 1204 442 800 642 777 1801 874 434 774 246 1370 1149 1047 586 832 788 1549 Core 13 | 5 . . . . 8 . . . . . . . . . . . . . . . . . . . . Treads 9491 | 41 564 2326 830 2811 1378 454 757 100 230 . . . . . . . . . . . . . . . . Legs 46 | . . . . . . 28 18 . . . . . . . . . . . . . . . . . . Wheels 1689 | . . 759 . . 409 . 15 . 506 . . . . . . . . . . . . . . . . Hover 14461 | . . . . . . . . . 468 442 800 642 777 1801 874 434 774 246 1370 1149 1047 575 830 716 1516 Flight . | . . . . . . . . . . . . . . . . . . . . . . . . . . Fastest Speed 16 | 50 160 110 160 160 90 160 150 160 108 40 44 44 42 42 38 38 38 33 33 30 16 27 31 17 16 Average Speed 92 | 148 161 158 160 160 149 241 162 160 125 50 44 44 52 43 38 40 38 35 33 30 33 41 34 34 29 Slowest Speed 650 | 160 240 260 160 160 650 265 265 160 240 104 104 104 100 100 96 96 38 86 86 33 86 42 42 36 40 Overloaded Moves 89 | . . . . . . . . . . . . . . . . . . . . . 20 17 . 12 40 Propulsion Burnouts . | . . . . . . . . . . . . . . . . . . . . . . . . . . Robots Hopped . | . . . . . . . . . . . . . . . . . . . . . . . . . . Cave-ins Triggered . | . . . . . . . . . . . . . . . . . . . . . . . . . . Teleports 4 | . . . . . . . . . . . . . . . . . . . . . . 1 . 3 . Spacefolds 32 | . . . . . . . . . . . . . . . . . . . . . . 4 1 15 12 Microwarps 2 | . . . . . . . . . . . . . . . . . . . . . . . . 2 . Exploration Rate (%) 61 | 4 80 95 95 92 45 57 77 73 74 6 78 70 69 99 10 60 71 62 97 26 78 34 19 73 47 Regions Visited 25 Branch Regions 18 Pre-discovered Areas 10 | . 2 2 1 1 . . . 1 . . . . . . . . . 3 . . . . . . . Known Exits Taken 23 | . 1 1 1 . 1 1 1 1 1 1 1 1 1 1 1 1 1 1 1 1 1 1 1 1 . Unknown Exits Taken 2 | 1 . . . 1 . . . . . . . . . . . . . . . . . . . . . Scrap Searched 38 | . . 14 . 4 . 2 1 . 2 . 1 1 . 4 . 3 2 . 4 . . . . . . Spaces Dug 276 | . . 9 . . 27 1 . . 2 5 4 11 6 2 18 2 10 . 9 40 21 38 25 16 30 Terrain Destroyed 486 | . 1 10 . . 152 1 . . 2 5 4 11 6 4 19 2 19 1 13 50 35 54 25 31 41 Melee 155 | . . 3 . . 26 1 . . 2 4 3 6 6 2 10 2 3 . 8 26 10 . 17 4 22 Projectile 211 | . 1 7 . . 6 . . . . 1 1 5 . 2 9 . 16 1 5 24 25 54 8 27 19 AOE 116 | . . . . . 116 . . . . . . . . . . . . . . . . . . . . Terrain Rammed . | . . . . . . . . . . . . . . . . . . . . . . . . . . Walls Destroyed . | . . . . . . . . . . . . . . . . . . . . . . . . . . Machines Disabled . | . . . . . . . . . . . . . . . . . . . . . . . . . . Actions | -11 -10 -10 -9 -9 -6 -6 -6 -6 -5 -5 -5 -5 -5 -4 -4 -4 -4 -4 -3 -3 -3 -3 -2 -2 -1 --------- Run | Yrd Mat Sub Rec Scr Fac Low Low Dat Pro Fac Upp Upp War Pro Fac Upp Upp Zhi Pro Res Qua Sec Res Tes Acc Total 36734 | 63 1571 3931 1934 2862 2203 565 904 121 1641 574 1438 1090 1077 4206 1255 603 1310 318 1712 1409 1221 799 1178 935 1814 Wait 9000 | 1 910 655 1089 . 88 48 59 22 290 85 626 425 188 2354 332 160 496 41 310 166 51 123 223 85 173 Move 25709 | 46 563 3084 829 2810 1794 481 789 99 1203 441 799 641 776 1800 873 433 773 245 1369 1148 1046 578 830 732 1527 Hop . | . . . . . . . . . . . . . . . . . . . . . . . . . . Pick Up 233 | 2 13 34 3 23 27 4 9 . 45 9 . 1 7 2 2 1 1 4 3 6 15 3 8 5 6 Fast Attach 68 | 7 2 6 . 1 16 4 . . 5 . . . 1 1 3 . 1 2 . . 1 1 3 6 8 Attach 65 | . . 3 . 1 15 3 6 . 9 2 . . . . . . . 1 1 2 2 1 5 8 6 Detach 19 | . . 1 . 1 1 2 4 . 3 . . . 1 . . . . . . . . . 2 1 3 Swap 363 | . 7 24 2 8 47 4 8 . 13 18 3 2 18 19 10 4 6 10 8 12 31 16 43 35 15 Drop 237 | . 2 30 2 15 22 3 7 . 49 6 . 1 15 11 3 2 6 7 3 6 14 2 12 13 6 Fire 574 | 7 67 91 . . 106 . 3 . 2 1 1 5 23 7 14 . 22 1 10 27 41 75 17 31 23 Melee 374 | . . 3 . 3 82 16 7 . 22 12 9 15 6 8 18 3 5 7 8 42 17 . 35 10 46 Ram . | . . . . . . . . . . . . . . . . . . . . . . . . . . Kick . | . . . . . . . . . . . . . . . . . . . . . . . . . . Crush 13 | . 7 . 4 . 2 . . . . . . . . . . . . . . . . . . . . Escape Stasis 12 | . . . . . . . . . . . . . . . . . . . . . 3 . . 9 . Rewire 58 | . . . . . . . 11 . . . . . 42 4 . . . . . . . . . . 1 Trap . | . . . . . . . . . . . . . . . . . . . . . . . . . . Miscellaneous 9 | . . . 5 . 3 . 1 . . . . . . . . . . . . . . . . . . Route ------- -11/Scrapyard -10/Materials (discovered 6 exits: [*Mat x3] / *Min x2 / *Sub) -10/Subcaves (discovered 3 exits: *Mat x2 / *Rec) -9/Recycling (discovered 2 exits: [*Fac] / *Scr) -9/Scraptown (discovered 2 exits: *Fac x2) -6/Factory (discovered 5 exits: Fac / *Low x2 / Ext x2) -6/Lower Caves -6/Lower Caves (discovered 2 exits: Fac / *Dat) -6/Data Miner -5/Proximity Caves -5/Factory -5/Upper Caves -5/Upper Caves -5/Warlord -4/Proximity Caves -4/Factory (discovered 2 exits: Res / *Upp) -4/Upper Caves -4/Upper Caves (discovered 2 exits: *Res / *Zhi) -4/Zhirov -3/Proximity Caves -3/Research (discovered 4 exits: Res / Arm / *Qua x2) -3/Quarantine (discovered 2 exits: *Res / *Sec) -3/Section 7 -2/Research (discovered 2 exits: *Tes x2) -2/Testing -1/Access To Fleet Rendezvous History --------- Turn | Location | Event 9 | -11/Scrapyard | Discovered new exit (range 15) 104 | -11/Scrapyard | Entered Materials 283 | -10/Materials | Discovered new exit (range 13) 303 | -10/Materials | Build established: Mutant 813 | -10/Materials | Discovered new exit (range 8) 956 | -10/Materials | Discovered new exit (range 16) 1089 | -10/Materials | Discovered new exit (range 9) 1132 | -10/Materials | Central database locked down 1217 | -10/Materials | Learned 4 Subcaves zone layouts 1294 | -10/Materials | Identified exit to Subcaves 1359 | -10/Materials | Loaded intel: 10 trap records 1414 | -10/Materials | Identified exit to Mines 1414 | -10/Materials | Learned location of 1 exit from Materials 1459 | -10/Materials | Learned location of Storage (-9) 1533 | -10/Materials | Learned location of 2 exits from Subcaves 1584 | -10/Materials | Learned location of 2 exits from Mines 1644 | -10/Materials | Learned location of 2 exits from Subcaves 2166 | -10/Materials | Entered Subcaves 2167 | -10/Subcaves | Identified exit to Recycling 2167 | -10/Subcaves | Identified exit to Materials 2189 | -10/Subcaves | Learned Materials stockpile data 2359 | -10/Subcaves | Visited 4L-MR0's lab 2381 | -10/Subcaves | Found Powered Cannon 2547 | -10/Subcaves | Core integrity fell below 50% 3071 | -10/Subcaves | Lost 3 parts (1n2w) 3135 | -10/Subcaves | Core integrity fell below 20% 3355 | -10/Subcaves | Build established: Scavenger-Mutant 4002 | -10/Subcaves | Build established: Mutant 4354 | -10/Subcaves | Visited Clippyterm 4357 | -10/Subcaves | Learned location of Extension (-6) 4578 | -10/Subcaves | Disturbed a concealed Subdweller 5414 | -10/Subcaves | Visited triangular shrine 5428 | -10/Subcaves | Found Prototype Device 5428 | -10/Subcaves | Identified V3-11A's Pendant 5433 | -10/Subcaves | Befriended Subdweller 5908 | -10/Subcaves | Befriended Subdweller 5931 | -10/Subcaves | Shifting Twisted Machinery released Spk. Treads 5935 | -10/Subcaves | Shifting Twisted Machinery released Mak. Hacking Suite 6109 | -10/Subcaves | Shifting Twisted Machinery released Sub. Laser 6109 | -10/Subcaves | Shifting Twisted Machinery released Multitool 6933 | -10/Subcaves | Build established: Derelict-Mutant 6938 | -10/Subcaves | Befriended Subdweller 6958 | -10/Subcaves | Befriended Subdweller 6958 | -10/Subcaves | Befriended Subdweller 8035 | -10/Subcaves | Entered Recycling 8035 | -9/Recycling | Accompanied by 4 allies 9281 | -9/Recycling | Discovered new exit (range 16) 10042 | -9/Recycling | Learned 2 Materials zone layouts 10132 | -9/Recycling | Learned Storage security intel 10164 | -9/Recycling | Identified exit to Scraptown 10186 | -9/Recycling | Learned Materials trap positions 10198 | -9/Recycling | Learned Materials stockpile data 10254 | -9/Recycling | Learned 2 Materials zone layouts 10431 | -9/Recycling | Scanned before Scraplab entrance 10455 | -9/Recycling | Entered Scraplab 10474 | -9/Recycling | Entered Scraptown 10474 | -9/Scraptown | Accompanied by 3 allies 10676 | -9/Scraptown | Heard Great Nut preacher, LISTEN AND RECITE! 10676 | -9/Scraptown | Visited UFD Registry 10676 | -9/Scraptown | Registered with UFD as "Chainshaft" 10719 | -9/Scraptown | Visited DA-N13 Charitable Foundation 10737 | -9/Scraptown | Found DCF Scrap (30 items) 10831 | -9/Scraptown | Visited Abandonware Association 10849 | -9/Scraptown | Learned abandonware demo "TRNCOAT.EXE" 10849 | -9/Scraptown | Learned abandonware demo "POISON.EXE" 10886 | -9/Scraptown | Visited Observation Area 10980 | -9/Scraptown | Delivered Scrap Shield to a Scientist 11153 | -9/Scraptown | Visited Junk Repository 11204 | -9/Scraptown | Visited Botcube Research 11249 | -9/Scraptown | Visited Chapter 10 11308 | -9/Scraptown | Visited Scrap Suit Storage 11426 | -9/Scraptown | Visited Scrapoid Research Area 11498 | -9/Scraptown | Visited Research Penetration Think Tank 11752 | -9/Scraptown | Murdered 3 allies 11960 | -9/Scraptown | Delivered V3-11A's Pendant to T0-NE2 in exchange for information 12085 | -9/Scraptown | Visited CR-KLE's Repair Center 12119 | -9/Scraptown | Visited Assassins FH 12175 | -9/Scraptown | Scanned Subdweller tech in exchange for log data 12180 | -9/Scraptown | Learned Research garrison access intel 12181 | -9/Scraptown | Learned Factory emergency access door positions 12183 | -9/Scraptown | Learned location of 1 exit from Factory 12207 | -9/Scraptown | Discovered new exit (range 11) 12391 | -9/Scraptown | Visited TADAMA 12439 | -9/Scraptown | Visited Symbiants 12464 | -9/Scraptown | Visited Fellowship of the Rings 12516 | -9/Scraptown | Visited Comm Corps 13066 | -9/Scraptown | Visited Infowarlord's Domain 13080 | -9/Scraptown | Found Exp. Sensor Array 14497 | -9/Scraptown | CR-KLE repaired 7 parts 14674 | -9/Scraptown | Found Botcube 14798 | -9/Scraptown | Build established: Mutant 15017 | -9/Scraptown | Discovered new exit (range 3) 15021 | -9/Scraptown | Entered Factory 15021 | -6/Factory | Evolved 8 slots: Propulsion x2, Utility x5, Weapon x1 15022 | -6/Factory | Identified exit to Factory 15314 | -6/Factory | Build established: Derelict-Assassin 15362 | -6/Factory | Found Powered Armor 15863 | -6/Factory | Repaired Spk. Treads 16184 | -6/Factory | Build established: Hacker-Skirmisher 17086 | -6/Factory | Build established: Hacker-Mutant 17684 | -6/Factory | Core integrity fell below 50% 17686 | -6/Factory | Lost 11 parts (1p4n2u4w) 17941 | -6/Factory | Core integrity fell below 20% 17964 | -6/Factory | Lost 4 parts (1p2n1w) 18073 | -6/Factory | Identified exit to Lower Caves 18073 | -6/Factory | Identified exit to Extension 18171 | -6/Factory | First assault squad dispatched 18322 | -6/Factory | Lost 3 parts (1p1n1u) 18372 | -6/Factory | Entered Lower Caves 18374 | -6/Lower Caves | UFD Scientist delivered a prototype 18376 | -6/Lower Caves | Found Prototype Protection 18376 | -6/Lower Caves | Identified Enh. Scrap Shield 18736 | -6/Lower Caves | Build established: Mutant 19192 | -6/Lower Caves | Build established: Assassin 19302 | -6/Lower Caves | Discovered new exit (range 7) 19354 | -6/Lower Caves | Identified exit to Lower Caves 19582 | -6/Lower Caves | Found DRS Beacon 19650 | -6/Lower Caves | Entered another Lower Caves area 19651 | -6/Lower Caves | Activated DRS Beacon 19706 | -6/Lower Caves | Learned 4 Factory zone layouts 19755 | -6/Lower Caves | Prototype Device suddenly appears! 19778 | -6/Lower Caves | Discovered exit to Factory (range 20) 19783 | -6/Lower Caves | Found Prototype Device 19784 | -6/Lower Caves | Identified Amulet of Y3-NDR 19845 | -6/Lower Caves | Joined by bewildered Wizard 19845 | -6/Lower Caves | Joined by bewildered Wizard 19847 | -6/Lower Caves | Joined by bewildered Wizard 19899 | -6/Lower Caves | Joined by bewildered Wizard 20307 | -6/Lower Caves | Joined by bewildered Wizard 20308 | -6/Lower Caves | Joined by bewildered Wizard 20645 | -6/Lower Caves | Build established: Scavenger-Assassin 20696 | -6/Lower Caves | Discovered new exit (range 9) 20735 | -6/Lower Caves | Identified exit to Data Miner 21060 | -6/Lower Caves | Entered Data Miner 21060 | -6/Data Miner | Accompanied by 6 allies 21060 | -6/Data Miner | Discovered new exit (range 6) 21091 | -6/Data Miner | Met Data Miner 21136 | -6/Data Miner | Learned location of Section 7 (-3) 21136 | -6/Data Miner | Acquired the access code to Warlord's prototype stash 21166 | -6/Data Miner | Received God Mode back door access code from Data Miner 21214 | -6/Data Miner | Identified exit to Proximity Caves 21241 | -6/Data Miner | Entered Proximity Caves 21241 | -5/Proximity Caves | Accompanied by 6 allies 21543 | -5/Proximity Caves | Escorted by Enhanced Grunt 21606 | -5/Proximity Caves | Joined by bewildered Wizard 22038 | -5/Proximity Caves | Encountered a Derelict sapper outpost 22079 | -5/Proximity Caves | Attached Powered Cannon, gained temporary slot: Power 22256 | -5/Proximity Caves | Discovered exit to Factory (range 13) 22482 | -5/Proximity Caves | Murdered 3 allies 22500 | -5/Proximity Caves | Joined by bewildered Wizard 22501 | -5/Proximity Caves | Joined by bewildered Wizard 22906 | -5/Proximity Caves | Build established: Scavenger-Mutant 23015 | -5/Proximity Caves | Found Prototype Device 23022 | -5/Proximity Caves | Identified Exp. Thermal Shield 23072 | -5/Proximity Caves | Botcube activated 23094 | -5/Proximity Caves | Botcube completed mutation into wheeled form, armed with 2 launchers. 23209 | -5/Proximity Caves | Entered Factory 23209 | -5/Factory | Accompanied by 1 ally 23209 | -5/Factory | Evolved 2 slots: Propulsion x1, Utility x1 23328 | -5/Factory | Repaired Exp. Sensor Array 23335 | -5/Factory | Discovered new exit (range 2) 23335 | -5/Factory | Identified exit to Upper Caves 23490 | -5/Factory | Found Powered Armor 23595 | -5/Factory | Entered Upper Caves 23595 | -5/Upper Caves | Accompanied by 1 ally 23646 | -5/Upper Caves | Joined by bewildered Wizard 23647 | -5/Upper Caves | Joined by bewildered Wizard 23826 | -5/Upper Caves | Joined by bewildered Wizard 23826 | -5/Upper Caves | Joined by bewildered Wizard 23854 | -5/Upper Caves | Build established: Scavenger-Scout 23934 | -5/Upper Caves | Learned location of 1 exit from Factory 24573 | -5/Upper Caves | Discovered new exit (range 15) 24606 | -5/Upper Caves | Identified exit to Upper Caves 24608 | -5/Upper Caves | Entered another Upper Caves area 24608 | -5/Upper Caves | Accompanied by 5 allies 24856 | -5/Upper Caves | Encountered a Warlord checkpoint 25272 | -5/Upper Caves | Discovered new exit (range 16) 25370 | -5/Upper Caves | Identified exit to Warlord 25375 | -5/Upper Caves | Entered Warlord 25375 | -5/Warlord | Accompanied by 5 allies 25547 | -5/Warlord | Received a Watcher feed algorithm from an ecstatic Tinkerer 25595 | -5/Warlord | Visited the Vortex Lab 25616 | -5/Warlord | Warlord's base attacked by MAIN.C 25617 | -5/Warlord | Found Prototype Energy Gun 25625 | -5/Warlord | Rebuked by Warlord 25630 | -5/Warlord | Opened Warlord's prototype stash 25632 | -5/Warlord | Found Prototype Device 25632 | -5/Warlord | Identified Exp. Focal Shield 25637 | -5/Warlord | Found Prototype Device 25637 | -5/Warlord | Identified Exp. Cloaking Device 25654 | -5/Warlord | Found Spectral Analyzer 25911 | -5/Warlord | Lost 4 allies 25966 | -5/Warlord | Warlord forces counterattacked 25983 | -5/Warlord | Spotted Executioner 26034 | -5/Warlord | Lost 7 allies 26038 | -5/Warlord | Spotted Executioner 26058 | -5/Warlord | Spotted Executioner 26097 | -5/Warlord | Discovered new exit (range 8) 26101 | -5/Warlord | Lost 3 allies 26102 | -5/Warlord | Build established: Scavenger-Assassin 26103 | -5/Warlord | Identified exit to Proximity Caves 26112 | -5/Warlord | Entered Proximity Caves 26112 | -4/Proximity Caves | Accompanied by 2 allies 26121 | -4/Proximity Caves | Attracted the attention of an 0b10 outpost 26143 | -4/Proximity Caves | Joined by bewildered Wizard 26143 | -4/Proximity Caves | Joined by bewildered Wizard 26143 | -4/Proximity Caves | Joined by bewildered Wizard 26170 | -4/Proximity Caves | Joined by bewildered Wizard 26254 | -4/Proximity Caves | Learned Research garrison access intel 26455 | -4/Proximity Caves | Build established: Scavenger-Scout 26896 | -4/Proximity Caves | Joined by bewildered Wizard 26896 | -4/Proximity Caves | Joined by bewildered Wizard 27109 | -4/Proximity Caves | Build established: Scavenger-Ninja 27310 | -4/Proximity Caves | Discovered new exit (range 10) 29022 | -4/Proximity Caves | Identified exit to Factory 29323 | -4/Proximity Caves | Entered Factory 29323 | -4/Factory | Accompanied by 3 allies 29323 | -4/Factory | Evolved 2 slots: Power x1, Propulsion x1 29324 | -4/Factory | Identified exit to Research 29339 | -4/Factory | Joined by bewildered Wizard 29339 | -4/Factory | Joined by bewildered Wizard 29339 | -4/Factory | Joined by bewildered Wizard 29606 | -4/Factory | Discovered new exit (range 24) 29623 | -4/Factory | Identified exit to Upper Caves 29860 | -4/Factory | Lost 3 allies 30007 | -4/Factory | Scrapoid reinforcements arrived 30093 | -4/Factory | Entered Upper Caves 30093 | -4/Upper Caves | Accompanied by 4 allies 30148 | -4/Upper Caves | Learned 12 Research zone layouts 30191 | -4/Upper Caves | Joined by bewildered Wizard 30192 | -4/Upper Caves | Joined by bewildered Wizard 30243 | -4/Upper Caves | Joined by bewildered Wizard 30243 | -4/Upper Caves | Joined by bewildered Wizard 30407 | -4/Upper Caves | Discovered new exit (range 7) 30410 | -4/Upper Caves | Identified exit to Upper Caves 30444 | -4/Upper Caves | Entered another Upper Caves area 30444 | -4/Upper Caves | Accompanied by 8 allies 30447 | -4/Upper Caves | Joined by bewildered Wizard 30459 | -4/Upper Caves | Discovered exit to Research (range 13) 30765 | -4/Upper Caves | Joined by bewildered Wizard 30766 | -4/Upper Caves | Joined by bewildered Wizard 30826 | -4/Upper Caves | Joined by bewildered Wizard 30826 | -4/Upper Caves | Joined by bewildered Wizard 30864 | -4/Upper Caves | Lost 7 allies 30891 | -4/Upper Caves | Joined by bewildered Wizard 30892 | -4/Upper Caves | Joined by bewildered Wizard 30898 | -4/Upper Caves | Joined by bewildered Wizard 30899 | -4/Upper Caves | Joined by bewildered Wizard 31118 | -4/Upper Caves | Discovered new exit (range 17) 31182 | -4/Upper Caves | Lost 3 allies 31300 | -4/Upper Caves | Identified exit to Zhirov 31301 | -4/Upper Caves | Entered Zhirov 31301 | -4/Zhirov | Accompanied by 1 ally 31301 | -4/Zhirov | Discovered new exit (range 3) 31302 | -4/Zhirov | Identified exit to Proximity Caves 31308 | -4/Zhirov | Met Zhirov 31317 | -4/Zhirov | Learned location of Quarantine (-3) 31317 | -4/Zhirov | Learned location of Testing (-2) 31317 | -4/Zhirov | Learned location of Command (-1) 31319 | -4/Zhirov | Zhirov requested help retrieving the SGEMP Prototype 31325 | -4/Zhirov | Found Alien Artifact 31325 | -4/Zhirov | Identified Integrated Dissipator 31325 | -4/Zhirov | Installed Integrated Dissipator, increased core heat dissipation (+20) 31425 | -4/Zhirov | Found Alien Artifact 31475 | -4/Zhirov | Entered Proximity Caves 31475 | -3/Proximity Caves | Accompanied by 1 ally 31486 | -3/Proximity Caves | Spotter reported a threat 31494 | -3/Proximity Caves | Joined by bewildered Wizard 31494 | -3/Proximity Caves | Joined by bewildered Wizard 31495 | -3/Proximity Caves | Spotter reported a threat 31603 | -3/Proximity Caves | Joined by bewildered Wizard 31604 | -3/Proximity Caves | Joined by bewildered Wizard 31725 | -3/Proximity Caves | Joined by bewildered Wizard 31725 | -3/Proximity Caves | Joined by bewildered Wizard 31754 | -3/Proximity Caves | Lost 3 allies 31847 | -3/Proximity Caves | Discovered exit to Research (range 12) 32306 | -3/Proximity Caves | Spotted B-86 Titan 32308 | -3/Proximity Caves | Entered Research 32308 | -3/Research | Evolved 2 slots: Utility x2 32309 | -3/Research | Identified exit to Armory 32310 | -3/Research | Identified exit to Research 32311 | -3/Research | Loaded intel: 3 garrison access locations 32335 | -3/Research | Identified Plasma Storm 32526 | -3/Research | Identified exit to Quarantine 32937 | -3/Research | Spotted B-86 Titan 33025 | -3/Research | Entered Quarantine 33027 | -3/Quarantine | Found Alien Artifact 33027 | -3/Quarantine | Identified Core Reset Matrix 33027 | -3/Quarantine | Identified Transdimensional Reconstructor 33027 | -3/Quarantine | Used Core Reset Matrix 33031 | -3/Quarantine | Detected hypermatrix surge 33031 | -3/Quarantine | Sensed 15 artifacts in vicinity 33082 | -3/Quarantine | Found Hpw. Transdimensional Reconstructor 33090 | -3/Quarantine | Found Hpw. Transdimensional Reconstructor 33092 | -3/Quarantine | Found Hpw. Transdimensional Reconstructor 33093 | -3/Quarantine | Found Hpw. Transdimensional Reconstructor 33215 | -3/Quarantine | Found Matter Drive 33221 | -3/Quarantine | Discovered exit to Research (range 5) 33305 | -3/Quarantine | Scanned by Researcher 33410 | -3/Quarantine | Found Sigix Broadsword 33478 | -3/Quarantine | Found Subatomic Replicator 33595 | -3/Quarantine | Spotted Fortress 33622 | -3/Quarantine | Discovered new exit (range 6) 33624 | -3/Quarantine | Identified exit to Section 7 33624 | -3/Quarantine | Entered Section 7 33625 | -3/Section 7 | Sensed 17 artifacts in vicinity 33727 | -3/Section 7 | Found Spacefold Activator 33766 | -3/Section 7 | Build established: Hacker-Scout 33801 | -3/Section 7 | Found Microwarp Drive 33824 | -3/Section 7 | Spotted S7 Guard 33839 | -3/Section 7 | Found Prototype Device 33839 | -3/Section 7 | Identified Adv. Kinecellerator 33920 | -3/Section 7 | Found Core Membrane 33920 | -3/Section 7 | Installed Core Membrane, gained immunity to corruption 33927 | -3/Section 7 | Spotted Alpha 7 33929 | -3/Section 7 | Spotted Alpha 7 34049 | -3/Section 7 | Warped through subspace 34111 | -3/Section 7 | Discovered exit to Research (range 8) 34113 | -3/Section 7 | Spotted S7 Guard 34127 | -3/Section 7 | Found Core Regenerator 34156 | -3/Section 7 | Entered Research 34156 | -2/Research | Evolved 2 slots: Propulsion x1, Utility x1 34271 | -2/Research | Joined by bewildered Wizard 34271 | -2/Research | Joined by bewildered Wizard 34287 | -2/Research | Incoming assault squad redirected 34327 | -2/Research | Build established: Scavenger-Scout 34383 | -2/Research | Joined by bewildered Wizard 34383 | -2/Research | Joined by bewildered Wizard 34384 | -2/Research | Joined by bewildered Wizard 34429 | -2/Research | Murdered 3 allies 34555 | -2/Research | Repaired Cld. Antigrav System 34696 | -2/Research | Spotted B-90 Cyclops 34710 | -2/Research | Joined by bewildered Wizard 34761 | -2/Research | Identified exit to Testing 34763 | -2/Research | Build established: Hacker-Ninja 34894 | -2/Research | Entered Testing 34910 | -2/Testing | Found Prototype Energy Gun 34910 | -2/Testing | Identified Tachyon Dispersion Ray 34979 | -2/Testing | Found Prototype Energy Gun 34979 | -2/Testing | Identified Hyp. EM Gauss Rifle 35031 | -2/Testing | Identified exit to Access 35189 | -2/Testing | Spotted PH-9HUHKA958Z 35243 | -2/Testing | Found Prototype Launcher 35243 | -2/Testing | Identified Tesla Bomb Launcher 35284 | -2/Testing | Repaired Exp. Sensor Array 35302 | -2/Testing | Warped through subspace 35389 | -2/Testing | Spotted Superbehemoth 35391 | -2/Testing | Superbehemoth self-activated to run performance analysis 35404 | -2/Testing | Protovariant out of control (PY-5QDMBQSJW8) 35404 | -2/Testing | Unleashed a protovariant (PY-5QDMBQSJW8) 35406 | -2/Testing | Core integrity fell below 50% 35406 | -2/Testing | Spotted Investigator 35409 | -2/Testing | Warped through subspace 35414 | -2/Testing | Warped through subspace 35420 | -2/Testing | Used Core Regenerator, restored core integrity (+362) 35423 | -2/Testing | Entered Access 35423 | -1/Access | Evolved 2 slots: Propulsion x1, Utility x1 35576 | -1/Access | Build established: Alien-Ninja 35893 | -1/Access | Identified exit to Surface 35932 | -1/Access | Scrapoids reinforcements arrived? 35982 | -1/Access | Spotted B-99 Colossus 36019 | -1/Access | Spotted B-99 Colossus 36198 | -1/Access | Found Prototype Launcher 36209 | -1/Access | Search patrols dispatched 36217 | -1/Access | Identified Point Singularity Launcher 36278 | -1/Access | Spotted B-99 Colossus 36278 | -1/Access | Spotted B-99 Colossus 36279 | -1/Access | Used Subatomic Replicator to replicate Cld. Linear Gravjet 36285 | *** | Heading to fleet! Last Messages --------------- 36262_ Spacefolded through Wall. 36264_ Connecting with Terminal... 36267_ Spacefolded through Wall. 36268_ Cld. Antigrav System destroyed. 36268_ Adv. Remote Datajack destroyed. 36268_ Knocked back. 36271_ Connecting with Terminal... 36273_ Spacefolded through Sealed Barrier. Sealed Barrier opened remotely. 36278_ Penetrated by Slug. 36278_ Slug penetrates Terminal. 36278_ Terminal disabled. 36278_ Exp. Focal Shield destroyed. 36278_ Penetrated by Slug. 36278_ Dropped Cld. Linear Gravjet. 36279_ Replicated Cld. Linear Gravjet. 36280_ Acquired Cld. Linear Gravjet. 36281_ Penetrated by Slug. 36283_ B-99 Colossus activates siege mode. 36283_ Acquired Cld. Linear Gravjet. Map ----- +----------------------------------------------------+ | ??????????????????????????????????????????????? | | ??????????????????????????????????????????????? | | ??????????????????????????????????????????????? | | ???????????????????????????????????????????????# | | ???????????????????????????????????????????????# | | ???????????????????????????????????????????????# | | ???????????????????????????????????????????????# | | ???????????????????????????????????????????????# | | ???????????????????????????????????????????????# | | ??????????????????????????????????????????????## | | ????????############################+########## | | ?????? % | | ?????? H | | ?????????????????#### ""############+### | | ????????????????????# ""#????# ## | | ????????????????????# ""#????# ## | | ????????????????????# T#????# ## | | ????????????????????# ""#????# ## | | ????????????????????# ""#????# ## | | ???????????????????## "##???# "" "" ## | | ???????????????????# #???# ""T"" ## | | ????????????????????# % #????# """ # | | ????????????????????# #????########### | | ????????????????????# % #??????????????# | | ????????????????????# #??????????????# | | ????????????????????# @" #??????????????#### | | ????????????????????# "" #?????????????????? | | ????????????????????# #?????????????????? | | ????????????????????# #?????????????????? | | ????????????????????# #?????????????????? | | ????????????????????# #?????????????????? | | ????????????????????# #?????????????????? | | ????????????????????# #?????????????????? | | ????????????????????# #?????????????????? | | ????????????????????# #?????????????????? | | ????????????????????# BB BB #?????????????????? | | ????????????????????# BB BB #?????????????????? | | ????????????????????# u #?????????????????? | | ????????????????????# #?????????????????? | | ????????????????????# #?????????????????? | | ????????????????????# #?????????????????? | | ????????????????????#### ####?????????????????? | | ???????????????????????# #????????????????????? | | ???????????????????????# #????????????????????? | | ???????????????????????# #????????????????????? | | ???????????????????????? #????????????????????? | | ???????????????????????? ?????????????????????? | | ???????????????????????? ?????????????????????? | | ???????????????????????? ??????????????????????? | | ?????????????????????????????????????????????????? | +----------------------------------------------------+ Best States ------------- Heat Dissipation 74 Coolant Potential 100 Energy Generation 53 Energy Capacity 600 Matter Stores 300 Matter Capacity 800 Sight Range 24 Robot Scan Range 20 Terrain Scan Range 20 Terrain Scan Density 210 ECM Strength 2 Jamming Range 16 Cloak Strength 4 Power Amplification 20 Additional Mass Support 6 Armor Coverage 1200 Resistance: KI 30 Resistance: TH 30 Resistance: EM 20 Power Shielding 66 Utility Shielding 66 Weapon Shielding 66 Evasion (%) 61 Targeting Accuracy 8 Recoil Reduction 4 Particle Charging 25 Kinecelleration 50 Offensive Hacking 38 Defensive Hacking 26 Item Schematics ----------------- Powered Armor | -3/Quarantine | Scanalyzed Cld. Linear Gravjet | -2/Research | Scanalyzed Robot Schematics ------------------ None Fabricated ------------ Nothing Alien Tech Used ----------------- Integrated Dissipator Core Reset Matrix Core Membrane Spacefold Activator High-powered Transdimensional Reconstructor Sigix Broadsword Microwarp Drive Core Regenerator Subatomic Replicator Achievements -------------- Origins Rampage Challenges ------------ None Game ------ Seed SlugGrapheneScrap Manual? 0 Play Time 06:36:30 Cumulative 354.7 hours Start 2024.10.14 @ 13:09:37 End 2024.10.14 @ 20:44:07 Sessions 5 Manual Loads 0 Difficulty Rogue Special Mode None Game No. 267 Rogue 267 Adventurer 0 Explorer 0 Win Type 2 Total 4 Types 1/0/2/1/0/0/0/0/0 Lore% 75 Gallery% 81 Achievement% 64 Wizard Run 0 Options --------- Layout 2 ASCII 0 Keyboard 1 Movement Vi Keybinds 0 Fullscreen 2 Font 32/SmallcapsGlow Map View 77x44 Zoom Use 0% Tactical HUD 1 Map Filters NONE Filters NONE Steam 1 RUN: c3db5a6d-6057-4244-a4f4-ecaeefa29edc